 Dungeon Crawl Stone Soup version 0.28.0 (webtiles) character file.

Game seed: 15912028047070672340

1038 Cykl0x the Digger (level 8, -9/46 HPs)
             Began as a Gargoyle Earth Elementalist on Feb 8, 2022.
             Was an Elder of the Shining One.
             Killed by divine providence
             ... invoked by an orc priest
              (11 damage)
             ... on level 5 of the Dungeon.
             The game lasted 00:14:12 (6871 turns).

Cykl0x the Digger (Gargoyle Earth Elementalist)     Turns: 6871, Time: 00:14:12

Health: -9/46      AC: 15    Str: 17    XL:     8   Next: 24%
Magic:  2/14       EV: 11    Int: 19    God:    the Shining One [****..]
Gold:   682        SH:  0    Dex: 16    Spells: 11/15 levels left

rFire   . . .      SeeInvis .   v - +2 dagger (venom)
rCold   . . .      Faith    .   (no shield)
rNeg    + + +      Spirit   .   e - +1 ring mail
rPois   ∞          Reflect  .   n - +2 helmet
rElec   +          Harm     .   (no cloak)
rCorr   .          Rampage  .   (no gloves)
Will    .....                   (no boots)
Stlth   +.........              (no amulet)
HPRegen 0.15/turn               d - +6 ring of dexterity
MPRegen 0.14/turn               p - +6 ring of strength

@: glowing
A: sickness immunity, AC +5, negative energy resistance 1, electricity
resistance, torment resistance 1, petrification resistance
a: Renounce Religion, Divine Shield, Cleansing Flame


You were on level 5 of the Dungeon.
You worshipped the Shining One.
The Shining One was greatly pleased with you.
You visited 2 branches of the dungeon, and saw 6 of its levels.
You also visited: Ossuary.

You collected 682 gold pieces.

Inventory:

Hand Weapons
 j - a +0 short sword
 v - a +2 dagger of venom (weapon)
 w - a +1 vampiric falchion
Missiles
 c - 96 stones
Armour
 b - a +0 robe
 e - a +1 ring mail (worn)
 k - a +0 kite shield
 m - a +0 leather armour
 n - a +2 helmet (worn)
Jewellery
 d - a +6 ring of dexterity (left hand)
 o - a ring of positive energy
 p - a +6 ring of strength (right hand)
Scrolls
 h - a scroll of immolation
 r - 2 scrolls of identify
Potions
 a - 2 potions of flight
 f - 2 potions of haste {unknown}
 g - 3 potions of lignification
 i - a potion of resistance {unknown}
 l - 3 potions of curing {unknown}
 q - 2 potions of attraction {unknown}
 s - a potion of brilliance {unknown}
 t - a potion of berserk rage {unknown}
 u - a potion of cancellation {unknown}


   Skills:
 * Level 3.2 Fighting
 - Level 3.0(3.1) Short Blades
 * Level 1.0(2.2) Long Blades
 + Level 2.5 Armour
 + Level 1.9 Dodging
 - Level 2.1 Stealth
 + Level 4.0 Spellcasting
 * Level 4.3 Conjurations
 - Level 0.7 Transmutations
 + Level 5.3 Earth Magic
 * Level 2.7 Invocations


You had 11 spell levels left.
You knew the following spells:

 Your Spells              Type           Power      Damage    Failure   Level
a - Sandblast             Erth           48%        2d12      2%          1
b - Stone Arrow           Conj/Erth      44%        3d9       10%         3

Your spell library contained the following spells:

 Spells                   Type           Power      Damage    Failure   Level
 Passwall                 Tmut/Erth      12%        N/A       11%         2
 Slow                     Hex            12%        N/A       24%         1
 Petrify                  Tmut/Erth      15%        N/A       56%         4
 Confusing Touch          Hex            3%         N/A       58%         3
 Gell's Gravitas          Tloc           3%         N/A       58%         3
 Lesser Beckoning         Tloc           3%         N/A       58%         3
 Teleport Other           Tloc           3%         N/A       58%         3
 Vampiric Draining        Necr           3%         2d6       58%         3


Dungeon Overview and Level Annotations

Branches:
Dungeon (5/15)             Temple (1/1) D:4         Ossuary (visited)

Altars:
Ashenzari
Cheibriados
Fedhas
Gozag
Kikubaaqudgha
Makhleb
Ru
Sif Muna
Vehumet
Xom
Zin
The Shining One

Shops:
D:1 ?


Innate Abilities, Weirdness & Mutations

You are immune to sickness and miasma.
Your stone body is resilient. (AC +5)
You are immune to poison.
You resist negative energy. (rN+)
You are resistant to electric shocks. (rElec)
You are resistant to unholy torment.
You are immune to petrification.


Message History

The gnoll closely misses you.
You hit the gnoll but do no damage.
The gnoll looks as sick as possible!
The gnoll is severely wounded.
The gnoll hits you but does no damage. x2
You hit the gnoll.
The gnoll looks as sick as possible!
The gnoll is almost dead.
You kill the gnoll!
Your Spellcasting skill increases to level 4!
You hit the orc priest.
The orc priest is lightly wounded.
The hound bites you but does no damage. The gnoll hits you with a +0 club.
The orc priest mumbles some strange prayers to Beogh against you.
Beogh smites you!
* * * LOW HITPOINT WARNING * * *
You are too injured to fight recklessly!
You are too injured to fight recklessly!
You hit the orc priest.
The orc priest is poisoned.
The orc priest is moderately wounded.
The hound bites you but does no damage. The gnoll hits you with a +0 club.
* * * LOW HITPOINT WARNING * * *
The hound bites you but does no damage. The orc priest closely misses you.
You hit the orc priest but do no damage.
The orc priest is heavily wounded.
The hound bites you but does no damage. The gnoll hits you but does no damage.
The orc priest mumbles some strange prayers to Beogh against you.
Beogh smites you! The Shining One protects you from harm!
You hit the orc priest.
The orc priest is almost dead.
The hound misses you. The gnoll barely misses you.
The hound bites you but does no damage.
The orc priest invokes the aid of Beogh against you.
You are unaffected.
The hound closely misses you.
The orc priest invokes the aid of Beogh against you.
Beogh smites you!
* * * LOW HITPOINT WARNING * * *
The hound bites you but does no damage.
The orc priest calls down the wrath of Beogh upon you.
Beogh smites you!
You die...

#. ... #.. .#'#### ...#####..
....... ###########........
....... ..........#........
....... ..........#........
....... ..........#........
......)##########'###......##
......))o.g................#.
#.........h.@..............#.
+..........................#.
#..........................#.
#..........................#.
#......##+#######.....######.
#...... #.....# .. #......
#.....# ...... #.....#
#.....#


You could see a hound, an orc priest (poisoned) and a gnoll.

Vanquished Creatures
  An ogre (D:4)
  4 elf zombies (Ossuary)
  A scorpion (D:4)
  A wyvern skeleton (D:5)
  2 water moccasin zombies (D:5)
  A bullfrog zombie (D:5)
  2 human zombies (Ossuary)
  A centaur skeleton (D:4)
  3 orc priests (D:4)
  A hound (D:4)
  An orc wizard (D:4)
  2 mummies (Ossuary)
  Robin (D:2)
  A gnoll (D:5)
  4 adders
  A white imp (D:5)
  A worm (D:3)
  2 dart slugs
  14 orcs
  3 endoplasms
  A giant cockroach (D:4)
  8 goblins
  7 hobgoblins
  6 kobolds
  4 quokkas
  4 ball pythons
  7 bats
  2 frilled lizards
  2 goblin zombies (Ossuary)
  9 hobgoblin zombies (Ossuary)
  A jackal zombie (Ossuary)
  11 kobold zombies (Ossuary)
  7 orc zombies (Ossuary)
  9 rats
  A rat zombie (Ossuary)
126 creatures vanquished.

Notes
Turn   | Place    | Note
-------+----------+-------------------------------------------
     0 | D:1      | Cykl0x the Gargoyle Earth Elementalist began the quest for
                  | the Orb.
     0 | D:1      | Reached XP level 1. HP: 10/10 MP: 3/3
   282 | D:1      | Found Jeis's Magic Scroll Emporium.
   409 | D:1      | Reached XP level 2. HP: 15/15 MP: 3/5
   501 | D:1      | Reached skill level 1 in Conjurations
   513 | D:1      | Reached skill level 4 in Earth Magic
   976 | D:2      | Noticed Robin
  1002 | D:2      | Reached XP level 3. HP: 12/19 MP: 1/6
  1211 | D:1      | Learned a level 3 spell: Stone Arrow
  1216 | D:2      | Killed Robin
  1240 | D:2      | Reached skill level 1 in Short Blades
  2377 | D:2      | Reached skill level 1 in Armour
  2377 | D:2      | Reached XP level 4. HP: 24/24 MP: 3/7
  2787 | D:3      | Found an ancient bone altar of Kikubaaqudgha.
  2921 | D:3      | Found a blossoming altar of Fedhas.
  2924 | D:3      | Found a burning altar of Makhleb.
  2927 | D:3      | Found a sacrificial altar of Ru.
  3124 | D:3      | Found a faded altar of an unknown god.
  3835 | D:4      | Identified a scroll of acquirement
  3835 | D:4      | Acquired 551 gold pieces
  3877 | D:4      | Reached skill level 1 in Fighting
  3930 | D:4      | Noticed an ogre
  3931 | D:4      | Found a staircase to the Ecumenical Temple.
  3934 | D:4      | Killed an ogre
  3935 | D:4      | Reached XP level 5. HP: 29/29 MP: 0/9
  3940 | D:4      | Reached XP level 6. HP: 35/35 MP: 1/10
  3948 | Temple   | Entered the Ecumenical Temple
  3964 | Temple   | Became a worshipper of the Shining One
  4032 | D:4      | Found a sand-covered staircase.
  4039 | Ossuary  | Entered an ossuary
  4227 | Ossuary  | Reached * piety under the Shining One
  4493 | Ossuary  | Reached ** piety under the Shining One
  4546 | Ossuary  | Reached skill level 5 in Earth Magic
  4546 | Ossuary  | Reached skill level 1 in Invocations
  4837 | Ossuary  | Reached XP level 7. HP: 26/40 MP: 1/11
  5053 | Ossuary  | Reached *** piety under the Shining One
  5718 | D:4      | Identified the +8 spear "Siab" {drain, rF++}
  6449 | D:5      | Entered Level 5 of the Dungeon
  6453 | D:5      | Reached XP level 8. HP: 46/46 MP: 3/13
  6693 | D:5      | Reached **** piety under the Shining One
  6738 | D:5      | Reached skill level 1 in Long Blades
  6866 | D:5      | The Shining One protects you from harm!
  6870 | D:5      | HP: 2/46 [orc priest/divine providence (9)]
  6871 | D:5      | Killed from afar by an orc priest

Illustrated notes

Levels and vault maps discovered:
D:1:      lightli_arrival_maybe_door_vault, layout_rooms, serial_shops,
          nicolae_shop_temple_entry_statues_fountains, grunt_decor_junction
D:2:      layout_basic, wad_orctagon, uniq_robin
D:3:      layout_basic, grunt_temple_overflow_cloverleaf,
          shapermc_ecumenical_altar_gd
D:4:      layout_loops_ring, minmay_temple_entry_proselytizer, serial_rivers,
          chequers_serial_rivers_large_b, chequers_serial_rivers_micro_e,
          chequers_serial_rivers_small_a, chequers_serial_rivers_room_a,
          nicolae_ossuary_entry_plus, kennysheep_generic_room_16
D:5:      layout_gridville, kennysheep_nondescript
Temple:   compressed_dpeg_circular_temple

Skill      XL: |  1  2  3  4  5  6  7  8 |
---------------+-------------------------+-----
Conjurations   | 1 2 3 4 |  4.3
Earth Magic    | 4 5 |  5.3
Short Blades   | 1 2 3 |  3.0
Armour         | 1 2 |  2.5
Fighting       | 1 2 3 |  3.2
Spellcasting   | 3 4 |  4.0
Invocations    | 1 2 |  2.7
Long Blades    | 1 |  1.0
Dodging        | |  1.9
Stealth        | |  2.1
Transmutations | |  0.7

Action                   |  1- 3 |  4- 6 |  7- 9 || total
-------------------------+-------+-------+-------++-------
Melee: Unarmed           |     5 |       |       ||     5
       Punch             |     1 |     3 |     1 ||     5
       Short sword       |    43 |   100 |    63 ||   206
       Dagger            |       |       |    40 ||    40
 Cast: Sandblast         |    33 |    14 |    11 ||    58
       Stone Arrow       |     7 |    30 |    38 ||    75
  Use: Scroll            |     5 |     4 |     3 ||    12
Armor: Leather armour    |    14 |       |       ||    14
       Ring mail         |    13 |    29 |    60 ||   102
Dodge: Dodged            |    30 |    48 |    50 ||   128
